 Dungeon Crawl Stone Soup version 0.29.1-2-gbd0b4ee654 (webtiles) character file.

Game seed: 4265870945653818709

11 Raikaria the Insei (level 2, 21/21 HPs)
             Began as a Demonspawn Transmuter on Nov 21, 2022.
             Got out of the dungeon alive.
             The game lasted 00:01:27 (601 turns).

Raikaria the Insei (Demonspawn Transmuter)           Turns: 601, Time: 00:01:28

Health: 21/21      AC:  3    Str: 10    XL:     2   Next: 13%
Magic:  5/5        EV: 12    Int: 14    God:
Gold:   14         SH:  0    Dex: 13    Spells: 4/5 levels left

rFire   . . .      SeeInvis .     - Unarmed
rCold   . . .      Faith    .   (no shield)
rNeg    . . .      Spirit   .   a - +0 robe
rPois   .          Reflect  .   (helmet restricted)
rElec   .          Harm     .   h - +0 cloak
rCorr   .          Rampage  .   (no gloves)
Will    .....                   (no boots)
Stlth   +.........              (no amulet)
HPRegen 0.07/turn               (no ring)
MPRegen 0.09/turn               (no ring)

@: no status effects
A: horns 1
a: no special abilities


You escaped.
You visited 1 branch of the dungeon, and saw 2 of its levels.

You collected 14 gold pieces.

Inventory:

Armour
 a - a +0 robe (worn)
 h - a +0 cloak (worn)
Jewellery
 d - a +4 ring of protection
Wands
 f - a wand of flame (14)
Scrolls
 c - a scroll of noise {unknown}
 g - a scroll of acquirement {unknown}
Potions
 b - a potion of lignification
 e - a potion of curing {unknown}


   Skills:
 - Level 1.0 Fighting
 - Level 1.7 Dodging
 + Level 2.9 Unarmed Combat
 + Level 2.2 Spellcasting
 + Level 2.1 Transmutations


You had 4 spell levels left.
You knew the following spells:

 Your Spells              Type           Power      Damage    Failure   Level
a - Beastly Appendage     Tmut           14%        N/A       10%         1

Your spell library contained the following spells:

 Spells                   Type           Power      Damage    Failure   Level
 Wereblood                Tmut           7%         N/A       14%         2
 Spider Form              Tmut/Pois      4%         N/A       41%         3
 Ice Form                 Ice/Tmut       4%         N/A       83%         4


Dungeon Overview and Level Annotations

Branches:
Dungeon (2/15)

Altars:

Shops:
D:2 *


Innate Abilities, Weirdness & Mutations

You have a pair of small horns on your head.


Message History

Your headbutt misses the frilled lizard.
You punch the frilled lizard.
You kill the frilled lizard!
Found a wooden wand.
Found Ipasti's Assorted Antiques.
Found a scroll labelled YTOL TIANEN.
Your talons disappear.
e - a purple potion
There is an entrance to Ipasti's Assorted Antiques here.
f - a wand of flame (14)
There is a stone staircase leading up, spattered with blood here.
You climb upwards.
There is a stone staircase leading down here.
A rat comes into view.
Casting: Beastly Appendage (safe; 10% risk of failure)
Confirm with . or Enter, or press ? or * to list all spells.
Your feet morph into talons.
You hit the rat.
You kill the rat!
No target in view!
Your transformation is almost over.
Magic restored.
Your talons disappear.
Found a stone staircase leading down.
g - a scroll labelled VAELYK ASCHA
There is a stone staircase leading down here.
You climb downwards.
Found a cloak and 5 gold pieces.
There is a stone staircase leading up here.
You see here a +0 cloak.
h - a +0 cloak You start putting on your armour.
You continue putting on your +0 cloak. x4
You finish putting on your +0 cloak.
There is a stone staircase leading up here.
You climb upwards.
There is a stone staircase leading down here.
There is an open gate here.
There is a staircase leading out of the dungeon here.
Are you sure you want to leave the Dungeon?
This will make you lose the game!
You have escaped!

#........⌠........#####.##
#.................# #.#
#.................# #.#
#..#####...#####..# #.#
#..#...#####...#..# #.#
#..#.8.......8.#.. #.#
#..#...........# #.##
#..###.......###..# #.##
#....#...@...#....# #.##
#....#.......#....# #.#.
#....#.......#....# ##...
#....#.......#....####....
#....#.......#.......#..##
#....###...###.......#.##
#......#'''#...).....#.#
#..
#....................#.#
...
#.....♣.....♣........#.###


There were no monsters in sight!

Vanquished Creatures
  A worm (D:2)
  A kobold (D:1)
  A ball python (D:2)
  A frilled lizard (D:2)
  3 goblins
  2 rats (D:1)
9 creatures vanquished.

Notes
Turn   | Place    | Note
-------+----------+-------------------------------------------
     0 | D:1      | Raikaria the Demonspawn Transmuter began the quest for the
                  | Orb.
     0 | D:1      | Reached XP level 1. HP: 15/15 MP: 3/3
   408 | D:2      | Gained mutation: You have a pair of small horns on your
                  | head. [demonic ancestry]
   408 | D:2      | Reached XP level 2. HP: 14/21 MP: 5/5
   472 | D:2      | Found Ipasti's Assorted Antiques.
   601 | D:$      | Got out of the dungeon alive.

Illustrated notes

Levels and vault maps discovered:
D:1:      wander_arrival_estate, layout_basic, minmay_misc_feat_encased
D:2:      layout_rooms, basic_altar, serial_shops, nicolae_diamond_shop,
          nicolae_shop_advertising_works [nicolae_subvault_shop_adworks], shop

Skill      XL: |  1 |
---------------+----+-----
Transmutations | 2 |  2.1
Fighting       | |  1.0
Dodging        | |  1.7
Unarmed Combat | |  2.9
Spellcasting   | |  2.2

Action                   || total
-------------------------++-------
Melee: Unarmed           ||    27
       Kick              ||    11
       Headbutt          ||     2
       Punch             ||     1
 Cast: Beastly Appendage ||     6
Armor: Robe              ||     3
Dodge: Dodged            ||     9
